AoeStats
← Patoown

Nomad

505745206Analyzed
2v2 RM · 22d ago on Sep 10, 2026· 45m 41s· 4 players
Game mode
Random Map
Map size
176×176
Population
200
Speed
Normal
Resources
Standard
Victory
Conquest
Starting age
Dark Age
Ending age
Imperial Age
RankedLock teamsTeams togetherTeam positionsShared explorationLock speedFull tech treeHidden civsTurbo modeCheats
Victory
Defeat
870
+12
🇪🇬 Byzantines · Egypt
802
+15
🇨🇱 Maya · Chile
803
-14
🇨🇱 Celts · Chile
776
-13
LemanRuss
4:09 Loom
15:07 Feudal Age
17:08 Horse Collar
21:34 Castle Age
20:14 Double-Bit Axe
24:39 Wheelbarrow
31:10 Heavy Plow
31:28 Husbandry
31:59 Scale Barding Armor
32:05 Forging
33:03 Bow Saw
33:16 Forging
34:42 Iron Casting
34:29 Chain Barding Armor
34:44 Iron Casting
37:09 Hand Cart
37:58 Gold Mining
38:03 Stone Mining
42:25 Imperial Age
40:38 Scale Mail Armor
41:45 Gold Shaft Mining
41:45 Stone Shaft Mining
43:34 Conscription
42:34 Elite Cataphract
44:27 Plate Barding Armor
44:35 Hoardings
45:57 Logistica
-(-0-0-)-+(,_o)+$(*^_^*)$
4:37 Loom
22:42 Feudal Age
23:38 Double-Bit Axe
26:06 Forging
25:19 Man-at-Arms
26:05 Gold Mining
26:06 Stone Mining
29:03 Castle Age
27:27 Arson
37:25 Imperial Age
34:42 Town Watch
34:43 Horse Collar
35:15 Squires
35:02 Gambesons
36:10 Long Swordsman
37:56 Iron Casting
38:48 Wheelbarrow
38:14 Town Patrol
37:46 Two-Handed Swordsman
38:45 Champion
40:11 Hand Cart
40:29 Conscription
43:45 Kataparuto
46:59 Blast Furnace
46:06 Heavy Plow
Patoown
3:54 Loom
14:01 Feudal Age
14:33 Double-Bit Axe
15:05 Fishing Lines
21:43 Castle Age
21:06 Stone Mining
27:33 Imperial Age
26:06 Medium Warships
29:24 Wheelbarrow
30:54 Stone Shaft Mining
32:32 Conscription
32:39 Forging
32:29 Scale Mail Armor
32:57 Masonry
32:30 Treadmill Crane
33:50 Horse Collar
34:25 Bow Saw
35:30 Gold Mining
37:43 Heavy Plow
39:38 Hand Cart
41:59 Iron Casting
41:39 Chain Mail Armor
41:31 Elite Woad Raider
Player Kuroashi
15:29 Feudal Age
13:55 Loom
16:58 Wheelbarrow
17:14 Fishing Lines
17:41 Double-Bit Axe
18:16 Forging
18:07 Scale Mail Armor
19:31 Town Watch
25:09 Castle Age
23:28 Fletching
23:39 Padded Archer Armor
25:14 Gold Mining
25:15 Stone Mining
26:32 Iron Casting
26:12 Chain Mail Armor
25:45 Pikeman
28:13 Hand Cart
28:14 Pikeman
28:55 Squires
31:46 Bow Saw
32:53 Stone Shaft Mining
34:38 Bodkin Arrow
34:59 Leather Archer Armor
36:19 Gillnets
39:08 Imperial Age
37:08 Ballistics
41:09 Blast Furnace
40:39 Plate Mail Armor
39:54 Horse Collar
40:54 Halberdier
41:55 Heavy Plow
42:55 Conscription
43:18 Masonry
42:56 Treadmill Crane
42:48 Eagle Warrior
Connection lost

Rejoining the realm…

Still unreachable

The connection could not be restored.

Session expired

The server has moved on; the page needs a fresh start.